Map: Echo LE (Void)

Players

LiquidMaNa (MaNa)

  • Race: Protoss Protoss
  • League: Grandmaster
  • Spawn Location: 5:00

Scarlett - Winner!

  • Race: Zerg Zerg
  • Spawn Location: 11:00

Event: NationWars IV

VOD

Have the link to the VOD?

Description

Time

  • Played on: Jan. 21, 2017, 11:20 a.m.
  • Length: 19:23
Show
View Real Time Build Order
Export as new Build Order

LiquidMaNa Protoss 

Build Orders: 1 Gate Expand, Oracle Opening 

Get SALT Encoding   

  12  0:00  Probe (Chrono Boost)  
  13  0:11  Probe (Chrono Boost)  
  14  0:19  Pylon  
  14  0:22  Probe (Chrono Boost)  
  15  0:38  Probe (Chrono Boost)  
  15  0:41  Gateway  
  16  0:45  Assimilator  
  16  0:48  Probe (Chrono Boost)  
  17  0:59  Probe (Chrono Boost)  
  18  1:09  Probe (Chrono Boost)  
  19  1:23  Nexus  
  19  1:32  Cybernetics Core  
  19  1:36  Probe (Chrono Boost)  
  20  1:41  Assimilator  
  20  1:47  Probe (Chrono Boost)  
  21  1:52  Pylon  
  21  1:57  Probe (Chrono Boost)  
  22  2:08  Probe (Chrono Boost)  
  23  2:10  Stalker, Warp Gate  
  25  2:18  Probe (Chrono Boost)  
  26  2:29  Probe (Chrono Boost)  
  27  2:35  Stargate  
  27  2:36  Probe (Chrono Boost)  
  28  2:39  Probe (Chrono Boost)  
  29  2:47  Probe (Chrono Boost)  
  30  2:53  Mothership Core (Chrono Boost)  
  30  2:57  Adept, Probe (Chrono Boost)  
  35  3:08  Probe (Chrono Boost)  
  35  3:11  Probe (Chrono Boost)  
  35  3:12  Gateway  
  37  3:17  Gateway  
  37  3:18  Probe (Chrono Boost)  
  38  3:22  Probe (Chrono Boost)  
  38  3:25  Oracle  
  42  3:29  Probe (Chrono Boost)  
  42  3:34  Probe (Chrono Boost)  
  44  3:35  Pylon  
  44  3:40  Probe (Chrono Boost)  
  45  3:44  Probe (Chrono Boost)  
  45  3:47  Assimilator  
  46  3:50  Twilight Council  
  46  3:53  Probe (Chrono Boost)  
  46  3:55  Probe (Chrono Boost)  
  48  4:04  Probe (Chrono Boost)  
  48  4:05  Probe (Chrono Boost), Pylon  
  50  4:15  Adept, Probe (Chrono Boost)  
  53  4:17  Resonating Glaives  
  53  4:20  Probe (Chrono Boost)  
  56  4:25  Probe (Chrono Boost)  
  56  4:28  Nexus  
  56  4:30  Pylon  
  54  4:33  Oracle  
  54  4:34  Probe (Chrono Boost)  
  54  4:37  Probe (Chrono Boost)  
  59  4:45  Adept  
  61  4:49  Probe (Chrono Boost)  
  61  4:50  Adept x2, Probe (Chrono Boost)  
  67  4:54  Pylon  
  67  5:01  Probe (Chrono Boost)  
  67  5:02  Probe (Chrono Boost)  
  69  5:07  Pylon  
  69  5:13  Adept x3  
  75  5:16  Probe (Chrono Boost)  
  75  5:18  Probe (Chrono Boost)  
  77  5:22  Pylon  
  77  5:24  Pylon  
  77  5:27  Assimilator  
  77  5:29  Probe (Chrono Boost)  
  77  5:30  Probe (Chrono Boost)  
  77  5:34  Adept x3  
  85  5:47  Probe (Chrono Boost)  
  86  5:58  Probe (Chrono Boost)  
  86  5:59  Adept x3  
  86  6:03  Probe (Chrono Boost), Robotics Facility  
  88  6:22  Adept x2  
  88  6:23  Adept, Probe (Chrono Boost)  
  88  6:25  Probe (Chrono Boost)  
  92  6:30  Probe (Chrono Boost)  
  92  6:31  Assimilator  
  91  6:33  Assimilator  
  91  6:34  Probe (Chrono Boost)  
  91  6:35  Forge  
  91  6:48  Adept x3  
  91  6:49  Probe x2 (Chrono Boost)  
  91  6:50  Charge, Probe (Chrono Boost)  
  91  6:52  Immortal  
  104  6:55  Protoss Ground Weapons Level 1  
  104  6:59  Probe x2 (Chrono Boost)  
  104  7:00  Templar Archives  
  103  7:02  Probe (Chrono Boost)  
  103  7:08  Adept x3  
  105  7:10  Probe (Chrono Boost)  
  105  7:11  Probe (Chrono Boost)  
  105  7:15  Probe (Chrono Boost)  
  112  7:17  Pylon  
  112  7:20  Pylon  
  112  7:27  Psionic Storm  
  112  7:29  Probe (Chrono Boost)  
  113  7:30  Adept x2  
  113  7:35  Probe (Chrono Boost)  
  119  7:37  Probe (Chrono Boost)  
  119  7:41  Gateway  
  119  7:43  Gateway  
  119  7:46  Probe (Chrono Boost), Gateway  
  119  7:48  Gateway  
  119  7:49  Immortal  
  119  7:50  High Templar x3  
  130  7:55  Pylon  
  130  7:56  Gateway  
  130  7:57  Pylon  
  130  7:59  Gateway  
  130  8:00  Gateway  
  130  8:12  Pylon  
  130  8:14  Photon Cannon  
  130  8:15  Probe (Chrono Boost), Pylon  
  130  8:16  Probe x2 (Chrono Boost)  
  130  8:18  Pylon  
  130  8:19  Gateway  
  133  8:21  Gateway  
  133  8:23  Sentry x3  
  140  8:28  Probe (Chrono Boost)  
  139  8:42  Immortal  
  139  8:46  High Templar  
  139  8:47  High Templar  
  149  8:51  Zealot x3  
  153  8:57  Archon  
  153  8:59  Zealot x2  
  153  9:08  Probe x3 (Chrono Boost)  
  156  9:13  High Templar x4  
  164  9:19  Pylon  
  164  9:20  Archon x2  
  164  9:21  Zealot x4, Pylon  
  164  9:23  Pylon  
  164  9:24  Protoss Ground Weapons Level 2  
  172  9:26  Warp Prism  
  172  9:28  Pylon  
  172  9:30  Photon Cannon  
  173  9:33  Photon Cannon  
  173  9:49  Gateway  
  173  9:50  Pylon  
  173  9:53  Nexus  
  173  9:56  High Templar x3  
  173  9:57  High Templar  
  173  9:59  Observer  
  171  10:02  Archon  
  171  10:03  Archon  
  169  10:08  Zealot x4  
  177  10:17  Blink  
  177  10:19  High Templar  
  177  10:20  Zealot  
  181  10:28  Nexus  
  181  10:31  Warp Prism  
  179  10:52  Zealot x10  
  175  11:09  Immortal  
  175  11:10  Archon  
  149  11:12  Zealot x3  
  149  11:13  Zealot x7  
  131  11:34  High Templar x2  
  131  11:35  High Templar  
  129  11:44  Immortal  
  123  11:51  Protoss Ground Weapons Level 3  
  107  12:03  Sentry x3  
  107  12:06  Zealot x2  
  107  12:07  Zealot x5  
  127  12:20  Observer  
  127  12:21  Pylon  
  127  12:24  Pylon  
  127  12:30  High Templar x4  
  127  12:31  Zealot x2, High Templar x2  
  127  12:32  Zealot x2  
  127  12:35  Archon x3  
  127  12:36  Immortal  
  147  12:54  Zealot x4  
  148  13:03  High Templar  
  148  13:04  High Templar  
  152  13:10  Zealot x2, High Templar x2  
  160  13:14  Archon  
  160  13:19  Immortal  
  162  13:32  Oracle  
  165  13:36  Nexus  
  163  13:42  Zealot x5  
  165  13:53  Immortal  
  165  13:56  Zealot x2, High Templar x2  
  165  13:57  Zealot  
  165  14:02  Archon  
  169  14:19  Zealot x5  
  169  14:34  High Templar x2  
  169  14:35  High Templar x2  
  169  14:39  Immortal  
  169  14:40  Archon  
  169  14:41  Archon  
  171  14:52  Zealot  
  162  15:13  Warp Prism  
  162  15:15  Robotics Bay  
  164  15:32  Zealot x3  
  164  15:33  Zealot x2  
  168  15:41  Zealot  
  157  15:58  Robotics Facility  
  157  15:59  Disruptor  
  156  16:33  Disruptor  
  159  16:46  Zealot x4  
  167  16:52  Disruptor  
  168  17:08  Disruptor  
  171  17:26  Observer  
  172  17:42  Disruptor  
  172  17:44  Disruptor  
  75  18:41  Archon  
Show
View Real Time Build Order
Export as new Build Order

Scarlett Zerg - Winner!

Build Orders: Pool First, Lurkers 

Get SALT Encoding   

  12  0:00  Drone  
  13  0:13  Overlord  
  13  0:18  Drone  
  14  0:31  Drone x2  
  14  0:35  Drone  
  17  0:52  Drone  
  17  0:56  Extractor  
  17  0:57  Spawning Pool, Drone  
  17  1:14  Hatchery  
  17  1:18  Drone  
  17  1:20  Drone  
  18  1:29  Drone  
  19  1:43  Queen  
  19  1:44  Zergling x2  
  22  1:50  Overlord  
  22  1:57  Metabolic Boost  
  22  2:08  Drone  
  23  2:12  Drone  
  24  2:19  Queen  
  26  2:33  Drone x2  
  26  2:35  Zergling x2  
  29  2:41  Evolution Chamber  
  28  2:45  Hatchery  
  28  2:49  Drone x2  
  29  2:55  Drone x3  
  32  3:02  Zergling x2  
  32  3:08  Drone x2  
  32  3:10  Zerg Melee Weapons Level 1  
  34  3:13  Overlord  
  34  3:21  Overlord  
  34  3:23  Drone  
  35  3:35  Drone x7  
  35  3:40  Queen  
  44  3:45  Overlord  
  44  3:54  Overlord, Drone  
  44  3:55  Drone  
  46  3:57  Spore Crawler  
  46  3:59  Spore Crawler  
  44  4:07  Drone x5  
  49  4:13  Spore Crawler  
  49  4:15  Zergling x4  
  49  4:22  Queen  
  50  4:28  Drone x5  
  54  4:37  Drone x4  
  57  4:43  Drone  
  57  4:44  Drone x2  
  60  4:46  Drone x2  
  60  4:51  Lair  
  60  4:52  Drone  
  63  4:54  Drone x2  
  63  4:55  Extractor  
  63  4:57  Extractor  
  63  4:59  Drone x2  
  65  5:01  Queen  
  65  5:02  Overlord  
  67  5:07  Queen  
  67  5:10  Overlord  
  69  5:15  Extractor  
  69  5:16  Overlord, Drone  
  69  5:17  Drone x3  
  72  5:26  Zerg Missile Weapons Level 1  
  72  5:27  Drone x2  
  72  5:28  Drone  
  75  5:29  Drone, Evolution Chamber  
  75  5:30  Drone  
  75  5:31  Drone  
  75  5:33  Zergling x4  
  79  5:39  Hatchery  
  79  5:41  Zergling x8  
  82  5:47  Zergling x6  
  83  5:51  Zergling x2  
  83  5:56  Zergling x8  
  80  6:04  Zergling x2  
  80  6:05  Zergling x12  
  80  6:06  Queen  
  80  6:08  Zerg Ground Armor Level 1  
  81  6:21  Drone  
  81  6:22  Drone x7  
  83  6:28  Drone  
  83  6:30  Hydralisk Den, Queen  
  83  6:39  Drone x5  
  88  6:44  Queen  
  90  6:48  Overlord  
  90  6:50  Queen  
  90  6:54  Overlord, Overseer  
  90  7:00  Overlord  
  90  7:01  Muscular Augments  
  90  7:02  Hydralisk  
  91  7:09  Hydralisk x2  
  91  7:13  Hydralisk x2  
  99  7:20  Queen  
  99  7:22  Baneling Nest  
  99  7:24  Hydralisk x4  
  103  7:35  Hydralisk x3  
  103  7:36  Zergling x8  
  113  7:43  Drone  
  113  7:44  Drone x6  
  119  7:47  Hydralisk  
  119  7:48  Extractor  
  119  7:52  Zerg Missile Weapons Level 2  
  119  7:56  Hydralisk  
  119  7:57  Zergling x6  
  124  8:01  Hydralisk  
  124  8:03  Overlord  
  124  8:04  Overlord  
  126  8:08  Baneling x4  
  126  8:12  Baneling x2  
  126  8:14  Overlord  
  126  8:20  Queen x2  
  126  8:23  Baneling x4  
  130  8:27  Zergling x14  
  137  8:38  Zerg Ground Armor Level 2, Drone x3  
  137  8:49  Overlord x2, Lurker Den  
  137  8:53  Extractor, Zergling x14  
  137  8:54  Zergling x4  
  135  9:03  Queen  
  135  9:07  Hydralisk x3  
  135  9:08  Hydralisk, Spine Crawler  
  144  9:14  Centrifical Hooks  
  144  9:19  Overlord x2  
  144  9:20  Overlord x2  
  144  9:26  Hydralisk x3  
  150  9:32  Hydralisk  
  150  9:33  Hydralisk  
  154  9:48  Hydralisk  
  154  9:49  Hydralisk x5  
  166  9:53  Zergling x8  
  166  9:54  Zergling x6  
  171  10:06  Drone x5  
  171  10:07  Drone x2  
  175  10:17  Zerg Melee Weapons Level 2  
  175  10:27  Extractor  
  174  10:32  Extractor  
  174  10:34  Baneling x4  
  174  10:35  Hydralisk x2, Baneling x12  
  173  10:36  Hydralisk x2  
  173  10:39  Zergling x22  
  192  10:47  Hydralisk x4  
  157  11:07  Hydralisk  
  157  11:08  Hydralisk x5  
  117  11:26  Hydralisk  
  117  11:27  Zergling x2, Hydralisk x3  
  117  11:28  Zergling x10  
  126  11:34  Spawning Pool  
  126  11:39  Hydralisk x3  
  127  11:48  Hydralisk  
  127  11:49  Hydralisk  
  125  12:07  Hydralisk  
  127  12:11  Drone x6  
  133  12:16  Extractor  
  133  12:17  Baneling  
  133  12:18  Baneling  
  132  12:27  Hydralisk  
  132  12:28  Hydralisk x4  
  142  12:36  Hydralisk  
  143  12:37  Zergling x6  
  146  12:50  Lair  
  145  12:53  Hydralisk x2  
  145  12:54  Zergling x6  
  152  13:03  Baneling Nest, Zergling x6  
  154  13:07  Zergling x2  
  154  13:08  Lurker x3  
  154  13:11  Zergling x2  
  154  13:12  Zergling x2  
  160  13:18  Zergling x2, Spine Crawler  
  160  13:22  Hatchery  
  160  13:24  Lurker x2  
  161  13:27  Zergling x6  
  161  13:32  Zergling x8, Hatchery  
  166  13:37  Hydralisk  
  166  13:38  Zergling x4  
  169  13:55  Zergling x12  
  172  14:21  Hydralisk x4  
  172  14:22  Hydralisk x5  
  178  14:27  Lurker x4  
  178  14:28  Overlord  
  181  14:38  Hydralisk x2  
  180  14:39  Overlord x4  
  182  14:46  Overlord  
  182  14:47  Overlord  
  172  15:13  Hydralisk x7  
  184  15:29  Hydralisk x6  
  167  15:45  Hydralisk x8  
  182  16:04  Lurker x3  
  182  16:05  Zergling x10  
  182  16:06  Zergling x4  
  191  16:22  Drone x4  
  181  16:48  Overseer x2  
  181  16:49  Overseer x2  
  179  17:09  Infestation Pit  
  182  17:15  Lurker x4  
  182  17:16  Lurker, Hydralisk x8  
  199  17:33  Hydralisk  
  199  17:34  Hydralisk x3  
  199  17:36  Zergling x2, Lurker x2  
  199  17:37  Zergling x4  
  194  17:54  Hydralisk x6  
  169  18:11  Hydralisk  
  169  18:12  Hydralisk x4  
  119  18:25  Hydralisk x2  
  112  18:31  Hydralisk  
  106  18:34  Hydralisk  
  106  18:35  Zergling x4  
  98  18:49  Hydralisk  
  98  18:50  Zergling x4  
  100  18:57  Hydralisk  
  100  18:58  Zergling x2  
Tags
 
Add a new tag
Caveats
  • Supply blocks, unpowered buildings, or Contaminate may cause inaccurate times.
  • Supply counts are checked every 10 seconds.